 Dungeon Crawl Stone Soup version 0.19.1-1-g22dce08 (webtiles) character file.

1883 dngmouse the Thaumaturge (level 8, -3/41 HPs)
             Began as a Deep Elf Fire Elementalist on Jan 20, 2017.
             Slain by a hippogriff (7 damage)
             ... on level 7 of the Dungeon.
             The game lasted 00:34:45 (7242 turns).

dngmouse the Thaumaturge (DEFE)                     Turns: 7242, Time: 00:34:45

Health: -3/41      AC:  4    Str:  5    XL:     8   Next: 92%
Magic:  14/23      EV: 13    Int: 23    God:
Gold:   307        SH:  0    Dex: 17    Spells: 5 memorised, 9 levels left

rFire  . . .     SeeInvis .     s - +1 spear
rCold  . . .     Gourm    .     a - +0 robe
rNeg   . . .     Faith    .     (no shield)
rPois  +         Spirit   .     (no helmet)
rElec  .         Reflect  .     (no cloak)
rCorr  .         Harm     .     j - +0 pair of gloves
MR     .....                    k - +0 pair of boots
Stlth  ++........               e - amulet of rage
                                (no ring)
                                h - ring of poison resistance

@: no status effects
A: agile 1, evolution 1
a: Evoke Berserk Rage


You were on level 7 of the Dungeon.
You were not hungry.

You visited 1 branch of the dungeon, and saw 7 of its levels.
You also visited: Sewer.

You collected 307 gold pieces.

Inventory:

Hand Weapons
 i - a +0 short sword
 s - a +1 spear (weapon)
Armour
 a - a +0 robe (worn)
 j - a +0 pair of gloves (worn)
 k - a +0 pair of boots (worn)
Rods
 B - a -3 rod of inaccuracy (10/10)
   (You found it on level 5 of the Dungeon)
Jewellery
 e - an amulet of rage (around neck)
 h - a ring of poison resistance (left hand)
 r - a cursed amulet of inaccuracy {unknown}
 z - a cursed -3 ring of slaying {unknown}
Wands
 D - a wand of digging (11/24)
Scrolls
 d - 3 scrolls of identify
 f - 4 scrolls of noise
 m - 2 scrolls of remove curse
 n - a scroll of random uselessness
 q - 2 scrolls of enchant weapon
 u - 3 scrolls of teleportation {unknown}
 v - a scroll of fog {unknown}
 y - a scroll of fear {unknown}
 A - 3 scrolls of enchant armour {unknown}
Potions
 g - a potion of berserk rage
 t - 3 potions of curing
 x - a potion of might
Books
 b - a book of Flames

   Spells                             Type                      Level
   a - Flame Tongue                   Conjuration/Fire             1
   b - Throw Flame                    Conjuration/Fire             2
   c - Conjure Flame                  Conjuration/Fire             3
   d - Inner Flame                    Hexes/Fire                   3
   e - Sticky Flame                   Conjuration/Fire             4
   f - Fireball                       Conjuration/Fire             5
Comestibles
 c - 9 bread rations
 l - 4 meat rations
 o - 4 fruits
 p - 8 beef jerkies
 w - 2 chunks of flesh


   Skills:
 - Level 2.4 Dodging
 - Level 2.4 Stealth
 * Level 9.2 Spellcasting
 - Level 6.5 Conjurations
 + Level 8.7 Fire Magic


You had 9 spell levels left.
You knew the following spells:

 Your Spells              Type           Power        Failure   Level  Hunger
a - Flame Tongue          Conj/Fire      #####        1%          1    None
b - Conjure Flame         Conj/Fire      #####...     1%          3    None
c - Inner Flame           Hex/Fire       ####....     3%          3    None
d - Sticky Flame          Conj/Fire      #####...     3%          4    ##.....
e - Fireball              Conj/Fire      #####.....   10%         5    ####...


Dungeon Overview and Level Annotations

Branches:
Dungeon (7/15)             Temple (0/1) D:7

Altars:
Fedhas
Xom
Zin

Shops:
D:7 }


Innate Abilities, Weirdness & Mutations

You are agile. (Dex +2)
You evolve.


Message History

The hippogriff closely misses you. The hippogriff pecks you.
* * * LOW HITPOINT WARNING * * *
The hippogriff claws you.
* * * LOW HITPOINT WARNING * * *
Casting: Flame Tongue
Confirm with . or Enter, or press ? or * to list all spells.
Aiming: Flame Tongue
Press: ? - help, Shift-Dir - straight line, f/p - hippogriff
Aim: a hippogriff (heavily wounded)
The flame tongue hits the hippogriff.
The hippogriff is severely wounded.
Casting: Flame Tongue
Confirm with . or Enter, or press ? or * to list all spells.
Aiming: Flame Tongue
Press: ? - help, Shift-Dir - straight line, f/p - hippogriff
Aim: a hippogriff (severely wounded)
The flame tongue hits the hippogriff.
The hippogriff is almost dead.
The hippogriff completely misses you. The hippogriff pecks you!
You die...

#......# #.....#
##....# . #...[#
...####...##
..........## ##
...........### ###.#
########...H.###...#
#....@......# #..#
##...........# ...#
#......###...## ...#
##.....## ##...#
...#######.....##
##...#
..............##
##..###
..............#
##..##
.............##
##..##
............##
##..##


You could see a hippogriff.

Vanquished Creatures
  A hippogriff (D:7)
  Edmund (D:6)
  An ice beast (D:6)
  A phantom (D:4)
  2 sky beasts (D:5)
  A centaur (D:5)
  4 ogres
  A crocodile (Sewer)
  3 scorpions
  A crimson imp (D:6)
  4 hounds
  2 jellies
  A bullfrog skeleton (D:4)
  3 orc wizards
  An iguana (D:6)
  2 worker ants
  A worker ant zombie (D:5)
  A gnoll (D:2)
  6 adders
  An ooze (D:1)
  4 worms
  4 dart slugs
  11 leopard geckos
  22 orcs
  6 giant cockroaches
  7 goblins
  2 hobgoblins (D:3)
  8 jackals
  2 quokkas
  4 bats
  7 frilled lizards
  8 kobolds
  A leopard gecko skeleton (D:6)
  A leopard gecko zombie (D:6)
  A quokka skeleton (D:5)
  6 rats
132 creatures vanquished.

Notes
Turn   | Place    | Note
-------+----------+-------------------------------------------
     0 | D:1      | dngmouse the Deep Elf Fire Elementalist began the quest for the Orb.
     0 | D:1      | Reached XP level 1. HP: 10/10 MP: 6/6
    94 | D:1      | Reached XP level 2. HP: 8/15 MP: 1/8
   788 | D:1      | Reached XP level 3. HP: 19/19 MP: 7/9
   793 | D:1      | Learned a level 3 spell: Conjure Flame
   990 | D:2      | Found a blossoming altar of Fedhas.
  1374 | D:2      | Reached XP level 4. HP: 15/24 MP: 2/10
  1557 | D:3      | Learned a level 3 spell: Inner Flame
  1598 | D:3      | Found a glowing silver altar of Zin.
  1599 | D:3      | Noticed an angel
  1600 | D:3      | Found a shimmering altar of Xom.
  2019 | D:3      | Reached skill level 5 in Fire Magic
  2019 | D:3      | Reached XP level 5. HP: 28/28 MP: 7/11
  3024 | D:4      | Reached XP level 6. HP: 32/32 MP: 9/12
  3038 | D:4      | Reached skill level 5 in Conjurations
  3055 | D:4      | Learned a level 4 spell: Sticky Flame
  3684 | D:5      | Entered Level 5 of the Dungeon
  3728 | D:5      | Noticed a sky beast
  3732 | D:5      | Killed a sky beast
  3732 | D:5      | Reached XP level 7. HP: 27/36 MP: 9/13
  4073 | D:5      | Reached skill level 4 in Spellcasting
  4166 | D:5      | Identified a -3 rod of inaccuracy (10/10) (You found it on level 5 of the Dungeon)
  5119 | D:6      | Found a glowing drain.
  5136 | Sewer    | Entered a sewer
  5244 | Sewer    | Reached skill level 5 in Spellcasting
  5437 | D:6      | Reached XP level 8. HP: 16/41 MP: 12/18
  5652 | D:6      | Reached skill level 6 in Spellcasting
  5755 | D:6      | Learned a level 5 spell: Fireball
  5791 | D:6      | Noticed Edmund
  5798 | D:6      | Killed Edmund
  5994 | D:6      | Gained mutation: You evolve. [potion of mutation]
  5994 | D:6      | Gained mutation: You rapidly evolve. [potion of mutation]
  5994 | D:6      | Gained mutation: You are agile. (Dex +2) [potion of mutation]
  6086 | D:6      | Reached skill level 7 in Spellcasting
  6700 | D:6      | Reached skill level 8 in Spellcasting
  6709 | D:6      | Lost mutation: You rapidly evolve. [end of evolution]
  6934 | D:7      | Found a staircase to the Ecumenical Temple.
  7050 | D:7      | Found Bevoip's Gadget Shop.
  7121 | D:7      | Noticed a hippogriff
  7126 | D:7      | Killed a hippogriff
  7126 | D:7      | Reached skill level 9 in Spellcasting
  7220 | D:7      | Noticed a hippogriff
  7242 | D:7      | Slain by a hippogriff

Skill      XL: |  1  2  3  4  5  6  7  8 |
---------------+-------------------------+-----
Conjurations   | 2 3 4 5 6 |  6.5
Fire Magic     | 4 5 6 7 8 |  8.7
Spellcasting   | 5 9 |  9.2
Dodging        | |  2.4
Stealth        | |  2.4

Action                   |  1- 3 |  4- 6 |  7- 9 || total
-------------------------+-------+-------+-------++-------
Melee: Short sword       |     3 |       |       ||     3
       Spear             |       |    27 |   212 ||   239
 Cast: Flame Tongue      |    58 |    93 |   121 ||   272
       Conjure Flame     |     1 |     6 |     9 ||    16
       Inner Flame       |       |       |     4 ||     4
       Sticky Flame      |       |       |     2 ||     2
       Fireball          |       |       |     2 ||     2
Evoke: Rod               |       |       |     3 ||     3
  Use: Scroll            |       |     2 |     4 ||     6
       Potion            |       |     2 |     5 ||     7
  Eat: Chunk             |     1 |     8 |    11 ||    20
       Fruit             |       |       |     2 ||     2
Armor: Robe              |     3 |     5 |    31 ||    39
Dodge: Dodged            |     7 |    18 |   114 ||   139
